Map: [ESL] Site Delta

Players

BattleB

  • Race: Terran Terran
  • Spawn Location: 11:00

PtitDrogo - Winner!

  • Race: Protoss Protoss
  • Spawn Location: 5:00

Event: ESL SC2 Masters 2023 Winter (Regional)

VOD

Have the link to the VOD?

Description

Time

  • Played on: Oct. 29, 2023, 12:04 p.m.
  • Length: 13:51

All games in this series

Show
View Real Time Build Order
Export as new Build Order

BattleB Terran 

Build Orders: Reaper Expand 

Get SALT Encoding   

  12  0:00  SCV  
  13  0:12  SCV  
  14  0:17  Supply Depot  
  14  0:24  SCV  
  15  0:39  Barracks, SCV  
  16  0:44  Refinery  
  16  0:51  SCV  
  17  1:03  SCV  
  18  1:14  Engineering Bay  
  18  1:15  SCV  
  19  1:26  Reaper  
  19  1:27  Orbital Command  
  20  1:50  Command Center  
  20  1:54  SCV  
  21  2:01  Bunker, Marine  
  21  2:06  SCV  
  23  2:13  Supply Depot  
  23  2:21  Factory  
  22  2:23  SCV  
  22  2:27  Barracks Reactor, Refinery  
  23  2:35  SCV  
  24  2:47  SCV  
  25  2:59  SCV  
  25  3:02  Orbital Command  
  25  3:03  Marine x2  
  28  3:06  Starport  
  28  3:07  Widow Mine  
  28  3:11  SCV  
  31  3:21  Marine x2  
  31  3:23  SCV  
  34  3:27  Supply Depot  
  34  3:28  Widow Mine, SCV  
  37  3:35  SCV  
  37  3:36  Bunker  
  37  3:39  Marine x2  
  37  3:40  SCV  
  41  3:48  SCV  
  42  3:49  Widow Mine, Medivac  
  42  3:52  SCV  
  47  3:58  Supply Depot  
  47  3:59  Marine x2  
  47  4:01  SCV  
  50  4:04  SCV  
  50  4:11  Factory Tech Lab  
  50  4:13  SCV  
  50  4:15  Barracks  
  50  4:16  SCV  
  50  4:17  Supply Depot, Marine x2  
  52  4:20  Starport Tech Lab  
  54  4:25  SCV  
  54  4:28  SCV  
  54  4:30  Siege Tank  
  59  4:34  Refinery, Engineering Bay  
  59  4:37  SCV  
  60  4:41  SCV  
  60  4:44  Marine x2  
  57  4:49  Raven  
  57  4:50  SCV  
  58  4:53  SCV  
  58  4:54  Barracks  
  58  4:59  Terran Infantry Weapons Level 1  
  59  5:02  SCV, Marine x2  
  59  5:06  SCV  
  63  5:10  Supply Depot, Refinery  
  63  5:12  Stimpack, Marine  
  63  5:13  Factory Reactor  
  64  5:16  SCV  
  64  5:19  Marine, SCV  
  64  5:20  Marine  
  68  5:30  Marauder  
  68  5:31  Starport Reactor  
  68  5:34  SCV  
  68  5:35  SCV  
  72  5:37  Marine x2  
  72  5:40  Supply Depot  
  74  5:43  Supply Depot  
  74  5:46  Combat Shield  
  74  5:47  Marauder  
  76  5:51  Widow Mine  
  78  6:02  Marauder, Widow Mine, Marine x2  
  84  6:06  Supply Depot  
  84  6:09  Command Center, Medivac x2, Marauder  
  90  6:14  SCV x2  
  92  6:19  Widow Mine  
  92  6:22  Supply Depot  
  94  6:27  Marine x2  
  94  6:28  Marauder  
  94  6:30  Marauder  
  100  6:36  Supply Depot  
  100  6:41  Medivac  
  100  6:43  Medivac  
  100  6:44  Widow Mine x2  
  108  6:47  Marine x2  
  110  6:58  Barracks x2  
  110  7:01  Marauder x2  
  114  7:05  SCV x2  
  114  7:07  Marine x2  
  118  7:11  Supply Depot  
  118  7:12  Supply Depot  
  118  7:21  Widow Mine x2  
  121  7:23  Medivac x2  
  121  7:24  Marauder x2  
  121  7:25  SCV x2  
  131  7:32  Marine x2  
  129  7:37  SCV  
  129  7:44  Terran Infantry Armor Level 1  
  129  7:45  SCV  
  129  7:46  Marauder x2  
  129  7:47  Barracks Tech Lab  
  129  7:48  Barracks Reactor  
  129  7:49  Widow Mine  
  129  7:50  SCV  
  137  7:55  Marine x2  
  137  7:57  SCV  
  140  8:02  SCV  
  140  8:04  Ghost Academy  
  139  8:06  Orbital Command  
  139  8:09  SCV  
  140  8:14  Marauder  
  140  8:17  Marine  
  140  8:18  Marine  
  140  8:19  Viking  
  146  8:26  Supply Depot  
  147  8:27  Supply Depot, SCV  
  147  8:31  Bunker, SCV  
  147  8:34  Marine  
  147  8:35  Marine  
  147  8:38  Marine  
  148  8:41  Starport  
  148  8:47  Viking  
  148  8:48  Marauder x3  
  156  8:55  Marine  
  150  8:59  Marine x2, Refinery  
  150  9:00  Refinery  
  141  9:06  Marine  
  141  9:08  Ghost  
  141  9:09  Ghost x2  
  148  9:13  Supply Depot  
  148  9:14  Supply Depot  
  148  9:16  Marine  
  148  9:17  Viking  
  151  9:21  Viking  
  151  9:22  Viking, Marine  
  150  9:24  Marine  
  150  9:30  Viking  
  150  9:31  Marine  
  151  9:34  Marine  
  151  9:37  Ghost x2  
  156  9:43  Marine, Supply Depot  
  156  9:45  Marine x2  
  149  9:51  Marine  
  150  9:56  Viking x2  
  150  9:57  Marine  
  155  10:01  Marine  
  155  10:05  Armory, Engineering Bay  
  155  10:06  Medivac  
  158  10:07  Marine  
  158  10:12  Marine x2, Marauder x2  
  165  10:23  Marine  
  165  10:25  Command Center, Marine  
  167  10:28  Marine  
  168  10:39  Viking x3  
  167  10:48  Viking  
  175  10:51  Marine  
  175  10:56  Terran Infantry Weapons Level 2, Terran Infantry Armor Level 2  
  170  10:57  Terran Ship Weapons Level 1  
  170  10:58  Marine x2  
  170  11:00  Marine  
  173  11:11  Marine, Marauder x2  
  173  11:12  Marine  
  173  11:15  Viking  
  173  11:16  Viking  
  176  11:22  Marine  
  146  11:30  Marauder, Marine  
  146  11:31  Ghost x2, Marine  
  123  11:33  Marine  
  123  11:35  SCV x2  
  123  11:39  Medivac x2  
  129  11:49  SCV x3  
  129  11:50  Marine x2  
  129  11:54  Marine x2  
  131  11:57  Ghost  
  131  12:00  Ghost  
  136  12:02  SCV x3  
  136  12:08  Ghost  
  139  12:09  Marine  
  139  12:12  Marine  
  139  12:13  Marine x2  
  145  12:20  Planetary Fortress  
  149  12:30  Marine, Marauder x2  
  149  12:37  Marine x3  
  149  12:38  Barracks  
  149  12:39  Barracks x2, Marauder  
  154  12:47  Viking x2  
  160  12:51  Marauder  
  160  12:53  Sensor Tower, Missile Turret  
  160  12:54  Marauder  
  160  12:55  Marine  
  160  12:56  Marine x2  
  165  13:00  Marauder  
  166  13:09  Marine  
  169  13:12  Marauder  
  169  13:15  Marauder  
  163  13:25  Marauder  
  163  13:26  Barracks Tech Lab  
  149  13:28  Barracks Tech Lab x2  
  149  13:29  Marine  
  149  13:31  Marine x2  
  149  13:32  Marine  
Show
View Real Time Build Order
Export as new Build Order

PtitDrogo Protoss - Winner!

Build Orders: 1 Gate Expand, Colossus Rush 

Get SALT Encoding   

  12  0:00  Probe  
  13  0:12  Probe  
  14  0:16  Pylon  
  14  0:24  Probe (Chrono Boost)  
  15  0:36  Gateway  
  15  0:37  Probe (Chrono Boost)  
  16  0:45  Probe (Chrono Boost)  
  16  0:46  Assimilator  
  17  0:51  Probe  
  18  1:03  Probe  
  19  1:15  Probe  
  20  1:24  Cybernetics Core  
  20  1:38  Probe  
  21  1:42  Nexus  
  21  1:44  Pylon  
  21  1:48  Assimilator  
  21  1:50  Probe  
  22  1:59  Stalker (Chrono Boost)  
  22  2:02  Probe  
  25  2:12  Shield Battery  
  25  2:21  Probe  
  25  2:23  Stalker (Chrono Boost)  
  25  2:25  Warp Gate  
  27  2:35  Probe  
  28  2:47  Probe  
  29  2:52  Stalker  
  29  2:54  Probe (Chrono Boost)  
  32  2:59  Robotics Facility  
  32  3:05  Probe (Chrono Boost)  
  34  3:06  Probe (Chrono Boost)  
  34  3:11  Probe (Chrono Boost)  
  35  3:13  Probe (Chrono Boost)  
  35  3:21  Stalker, Probe  
  35  3:24  Probe  
  35  3:25  Gateway  
  39  3:28  Gateway  
  39  3:34  Probe (Chrono Boost)  
  41  3:41  Probe (Chrono Boost)  
  41  3:44  Pylon  
  41  3:45  Probe (Chrono Boost)  
  41  3:51  Probe x2 (Chrono Boost)  
  42  4:00  Observer (Chrono Boost), Probe  
  42  4:01  Probe  
  45  4:06  Pylon  
  45  4:12  Probe  
  45  4:13  Probe  
  45  4:14  Sentry  
  49  4:18  Observer (Chrono Boost)  
  49  4:22  Nexus  
  50  4:24  Probe  
  50  4:25  Probe  
  50  4:27  Pylon  
  52  4:32  Assimilator  
  52  4:33  Assimilator  
  52  4:36  Probe  
  52  4:37  Probe  
  54  4:44  Stalker x2  
  58  4:49  Probe (Chrono Boost)  
  58  4:51  Probe (Chrono Boost)  
  60  4:55  Robotics Bay  
  60  5:03  Twilight Council  
  60  5:04  Forge  
  62  5:07  Probe x2 (Chrono Boost)  
  62  5:13  Probe  
  63  5:16  Immortal (Chrono Boost)  
  63  5:21  Probe  
  68  5:25  Probe  
  68  5:26  Pylon  
  69  5:33  Probe  
  69  5:36  Probe  
  69  5:37  Protoss Ground Weapons Level 1, Pylon  
  69  5:39  Probe  
  71  5:44  Extended Thermal Lance  
  71  5:46  Probe (Chrono Boost)  
  71  5:49  Probe (Chrono Boost)  
  73  5:51  Observer, Colossus (Chrono Boost)  
  80  5:59  Probe (Chrono Boost)  
  80  6:02  Gateway  
  80  6:03  Gateway, Probe (Chrono Boost)  
  81  6:05  Probe (Chrono Boost)  
  81  6:10  Probe  
  83  6:14  Probe  
  83  6:17  Blink (Chrono Boost)  
  83  6:26  Sentry, Stalker x2  
  83  6:27  Probe  
  83  6:32  Gateway x2  
  90  6:33  Pylon  
  88  6:49  Colossus (Chrono Boost)  
  88  6:51  Probe x2  
  88  6:53  Assimilator x2  
  96  6:57  Gateway  
  96  6:58  Forge  
  96  7:01  Zealot x5  
  102  7:06  Probe  
  107  7:09  Photon Cannon  
  107  7:11  Shield Battery  
  103  7:26  Probe  
  103  7:29  Stalker x3  
  108  7:34  Colossus (Chrono Boost)  
  109  7:37  Protoss Ground Weapons Level 2 (Chrono Boost)  
  109  7:41  Nexus, Assimilator  
  109  7:42  Probe  
  109  7:43  Pylon  
  109  7:46  Probe  
  108  7:59  Pylon  
  108  8:05  Pylon x2  
  101  8:08  Probe x2  
  101  8:12  Stalker x2  
  107  8:13  Zealot, Pylon  
  107  8:16  Pylon  
  107  8:17  Pylon  
  107  8:18  Pylon  
  109  8:23  Photon Cannon, Protoss Ground Armor Level 1 (Chrono Boost)  
  109  8:24  Shield Battery  
  109  8:28  Photon Cannon, Probe x3  
  109  8:32  Observer (Chrono Boost)  
  113  8:40  Assimilator, Probe x2  
  113  8:49  Stalker  
  113  8:50  Stalker  
  113  8:53  Colossus  
  117  8:56  Zealot x2  
  117  8:57  Zealot x3  
  122  9:06  Pylon  
  122  9:07  Probe x3  
  125  9:15  Stalker x3  
  131  9:19  Probe  
  128  9:30  Charge  
  129  9:34  Zealot x3  
  129  9:35  Zealot  
  132  9:44  Nexus  
  127  9:48  Immortal (Chrono Boost)  
  131  9:57  Probe  
  131  9:59  Protoss Ground Weapons Level 3 (Chrono Boost)  
  132  10:00  Probe x2  
  132  10:04  Templar Archives  
  134  10:09  Sentry  
  134  10:10  Probe  
  134  10:13  Zealot x2  
  134  10:14  Zealot x2  
  145  10:16  Probe  
  145  10:18  Probe  
  147  10:22  Protoss Ground Armor Level 2 (Chrono Boost)  
  147  10:26  Warp Prism (Chrono Boost)  
  149  10:42  High Templar x2  
  140  10:43  High Templar x2  
  140  10:44  Zealot x4  
  140  10:45  Probe  
  140  10:47  Archon, Pylon  
  140  10:48  Archon  
  155  10:57  Probe x3  
  157  11:00  Pylon  
  158  11:06  High Templar x2  
  138  11:26  Zealot x6  
  138  11:31  Colossus (Chrono Boost)  
  146  11:45  Archon  
  146  11:46  High Templar  
  148  11:47  Zealot x3  
  148  11:48  Zealot x4  
  148  11:50  Photon Cannon  
  148  11:53  Photon Cannon  
  162  11:55  Shield Battery  
  162  12:03  Robotics Facility, Probe  
  162  12:07  Nexus  
  162  12:08  Pylon  
  163  12:12  High Templar  
  163  12:14  Probe x3  
  163  12:15  Pylon x2, Probe  
  169  12:23  Colossus (Chrono Boost)  
  169  12:25  Pylon  
  169  12:26  Probe  
  176  12:30  Archon  
  176  12:33  High Templar x2  
  176  12:34  Zealot x5  
  188  12:38  Gateway x2  
  188  12:39  Gateway  
  188  12:49  Immortal (Chrono Boost)  
  192  12:59  Gateway, Photon Cannon  
  192  13:00  Shield Battery  
  192  13:01  Photon Cannon, Probe x2  
  192  13:03  Observer (Chrono Boost)  
  195  13:11  High Templar  
  195  13:12  Archon  
  197  13:13  High Templar  
  181  13:30  High Templar, Zealot x3  
  181  13:31  Zealot x2  
  191  13:36  Archon  
  191  13:44  Zealot x2  
  191  13:45  Zealot x2  
Tags
 
Add a new tag
Caveats
  • Supply blocks, unpowered buildings, or Contaminate may cause inaccurate times.
  • Supply counts are checked every 10 seconds.